woodfighter, chaotic female sylph Ranger -------- --- ......|----------- |.-- ----- ....|*%.|..|...| |..| ----- |...-- ...|*!*|..|...| |..| |...-- |....| -----..|...|..|-|---+--..---....---...-- --- |((.|..--|---|-........)|...........--- .. |((.-.%......)%...-----..---.------------ . |((.|.....[--|-...|...|..| --- ----..| -. -+------..{...|..|...-...|..| ---- |.....-- +.. |.............|..|...|...|%.| |..---......-- |.. --+-.....---|-------------.-| ---............| --...--+-- |..-+-|..................---..............| |........| |..| |----.%%.---------%....>...........-- |. #.....----..| |..%-....|......||.%...--.|.|..----- -....f@.......| |...|....-...._(||.....|-------- - |....#.....--------....|......||..-..-- |-.....................|---------.....| |.....----.....--------- |.....-- ----..| ---..-- --.|...| |..| ---- ----.-- ---- --- woodfighter the Trailblazer Experience level: 9 Strength: 16 Dexterity: 12 Constitution: 16 Intelligence: 14 Wisdom: 14 Charisma: 7 Health: 0(64) Energy: 56(56) Def: 3 Gold: 0 Moves: 10445 Dungeon seed: 7PRUUFKhwQY4eC1n Game ID: woodfighter_1470127736 Your Inventory: Weapons a - a +1 dagger b - a +2 bow (weapon in hand) c - 38 +2 arrows (in quiver) d - 34 +0 arrows u - 2 +2 arrows Armor e - an uncursed +2 cloak of displacement (being worn) n - an uncursed +0 dwarvish cloak q - an uncursed +0 dwarvish cloak r - an uncursed +0 dwarvish cloak y - an uncursed +2 dwarvish cloak F - a blessed +0 dwarvish cloak N - an uncursed +0 dwarvish cloak Y - an uncursed +0 dwarvish cloak Comestibles f - 4 uncursed cram rations j - an uncursed lizard corpse t - an uncursed lembas wafer A - 3 uncursed food rations L - an uncursed pizza M - an uncursed clove of garlic Tools g - an uncursed partly used tallow candle (0:64) i - an uncursed oil lamp (0:1357) s - an uncursed bag of holding z - an uncursed skeleton key B - 3 uncursed tallow candles (0:200) K - a cursed tallow candle (0:200) Contents of the bag of holding: a wand of digging (0:7) a wand of polymorph (0:6) a wand of teleportation (0:3) a +0 pick-axe Spells and supernatural/magical abilities: Name Level Category Fail Memory W - pray for help -- divine ? -- Your skills at the end: Miscellaneous Skills wands [Basic] Weapon Skills dagger [Basic] bow [Expert] Spellcasting Skills Final Attributes: You were piously aligned. You saw invisible. You had automatic searching. You had infravision. You were displaced. You were stealthy. You were protected from shape changers. You are dead. Vanquished creatures: 2 giant mimics a tiger a tengu an elf mummy a giant beetle 3 leprechauns a spotted jelly a lizard a mumak 3 brown puddings a yeti a gold golem a chickatrice 2 blue jellies a dust vortex 2 ravens a snake a baby crocodile a wood nymph a rock mole 2 rock piercers 2 ponies 3 fog clouds 4 yellow lights 4 shriekers 7 gnome lords a gnomish wizard 5 kobold mummies a black naga hatchling 2 gray oozes 5 elf zombies a paper golem 2 giant ants a little dog a floating eye 2 kittens 10 dwarves 2 homunculi 3 kobold lords a kobold shaman 4 iguanas 4 rothes a rabid rat a centipede 2 giant bats 2 monkeys 9 orc zombies 2 dwarf zombies 2 werejackals 2 killer bees 4 coyotes 5 gas spores 5 hobbits 3 acid blobs 2 large kobolds 6 geckos a hobgoblin 4 giant rats a cave spider a brown mold a yellow mold a red mold 23 gnomes 7 manes 5 gnome zombies 18 jackals 4 foxes 6 kobolds 4 newts 2 goblins 5 sewer rats 8 grid bugs 8 lichens 2 kobold zombies 241 creatures vanquished. Voluntary challenges: You were vegetarian. You used a wielded weapon 10 times, starting on turn 1265. You did not apply a unicorn horn. You read items or engraved 8 times, starting on turn 3446. You never genocided any monsters. You never polymorphed an object. You never changed form. You completed Sokoban on turn 7611, according to the rules. You used no wishes. You never split a pudding. You never wrote Elbereth's name. You violated your moral code, losing 3 points of alignment, starting on turn 4567. Dungeon overview: The Dungeons of Doom: levels 1 to 8 Level 1 an altar to Mercury, a sink a long staircase Level 2 a general store Level 3 stairs to The Gnomish Mines Level 4 (locked box, vault) an altar to Venus, a fountain Level 5 (locked box) a sink Level 6 a fountain Level 7 many fountains Level 8 stairs to Sokoban The Gnomish Mines: levels 4 to 9 Level 4 stairs to The Dungeons of Doom Level 5 Level 7 <- You were here some shops, a temple to Mercury, a magic chest, some fountains, some trees Level 8 Level 9 Sokoban: levels 4 to 7 Level 4 a magic chest Level 5 Level 6 Level 7 a magic chest stairs to The Dungeons of Doom History has recorded: On T:1 you entered the Dungeons of Doom to retrieve the Amulet of Yendor! On T:175 you reached level 2 of The Dungeons of Doom. On T:380 you advanced to experience level 2. On T:438 you reached level 3 of The Dungeons of Doom. On T:816 you advanced to experience level 3. On T:1023 you reached level 4 of The Dungeons of Doom. On T:1190 you reached level 1 of The Gnomish Mines. On T:1708 you reached level 5 of The Dungeons of Doom. On T:1833 you advanced to experience level 4. On T:2247 you reached level 6 of The Dungeons of Doom. On T:2514 you advanced to experience level 5. On T:2685 you reached level 7 of The Dungeons of Doom. On T:3562 you reached level 8 of The Dungeons of Doom. On T:3640 you advanced to experience level 6. On T:4203 you reached level 4 of Sokoban. On T:4506 you opened a magic chest. On T:4507 you opened a magic chest. On T:4797 you reached level 3 of Sokoban. On T:5569 you advanced to experience level 7. On T:5586 you reached level 2 of Sokoban. On T:6409 you reached level 1 of Sokoban. On T:7611 you advanced to experience level 8. On T:7611 you entered the Sokoban zoo. On T:7726 you opened a magic chest. On T:7869 you opened a magic chest. On T:7870 you opened a magic chest. On T:8451 you opened a magic chest. On T:8453 you opened a magic chest. On T:8462 you opened a magic chest. On T:8463 you opened a magic chest. On T:8483 you opened a magic chest. On T:8485 you opened a magic chest. On T:9264 you reached level 2 of The Gnomish Mines. On T:9701 you reached level 5 of The Gnomish Mines. On T:9823 you reached level 6 of The Gnomish Mines. On T:10077 you reached level 4 of The Gnomish Mines. On T:10236 you advanced to experience level 9. On T:10390 you entered the Minetown temple On T:10402 you opened a magic chest. On T:10410 you opened a magic chest. On T:10413 you opened a magic chest. On T:10414 you opened a magic chest. Score breakdown: Gold: 0 ( 0 points) Experience: 9 levels ( 800 points) Exploration: 9 levels ( 240 points) Discoveries: 10 items ( 500 points) Variety of kills: 74 monsters ( 2000 points) Major goal: finished Sokoban ( 1000 points) Survival: died (score multiplied by 3) Total score: 13620 Latest messages: You put an uncursed wand of slow monster into the magic chest. You put an uncursed wand of magic missile into the magic chest. You carefully open the magic chest... n - an uncursed hooded cloak. N - an uncursed hooded cloak. F - a hooded cloak. You stop exploring. You attempt to fire an arrows with your bare hands. The arrow misses the panther. The panther claws you! (2x) The panther bites! You attempt to fire an arrows with your bare hands. The arrow hits the panther. The panther claws you! (2x) The panther bites! The panther claws you! (2x) The panther bites! You are now wielding your bow. The panther claws you! (2x) The panther bites! You die... Final status: Goodbye woodfighter the Ranger, killed by a panther... You died in The Gnomish Mines on dungeon level 7 with 13620 points, and 0 pieces of gold, after 10445 moves. You were level 9 with a maximum of 64 hit points when you died.